 Dungeon Crawl Stone Soup version 0.29-a0-103-g37f86683bf (webtiles) character file.

Game seed: 8742106198672099950

23 TheGamechu the Skirmisher (level 2, -7/27 HPs)
             Began as a Minotaur Abyssal Knight on Feb 15, 2022.
             Was a Follower of Lugonu.
             Killed from afar by Sigmund (9 damage)
             ... with a magic dart
             ... on level 2 of the Dungeon.
             The game lasted 00:02:11 (1147 turns).

TheGamechu the Skirmisher (Minotaur Abyssal Knight) Turns: 1147, Time: 00:02:12

Health: -7/27      AC:  3    Str: 17    XL:     2   Next: 75%
Magic:  2/2        EV: 11    Int:  7    God:    Lugonu [*.....]
Gold:   56         SH:  0    Dex: 10    Spells: 1/1 levels left

rFire   . . .      SeeInvis .   a - +1 hand axe
rCold   . . .      Faith    .   (no shield)
rNeg    . . .      Spirit   .   b - +0 leather armour
rPois   .          Reflect  .   (helmet restricted)
rElec   .          Harm     .   (no cloak)
rCorr   .          Rampage  .   (no gloves)
Will    .....                   (no boots)
Stlth   +.........              (no amulet)
HPRegen 0.09/turn               (no ring)
MPRegen 0.08/turn               (no ring)

@: no status effects
A: horns 2, retaliatory headbutt
a: Renounce Religion, Depart the Abyss


You were on level 2 of the Dungeon.
You worshipped Lugonu.
Lugonu was aware of your devotion.
You visited 1 branch of the dungeon, and saw 2 of its levels.
You visited the Abyss 1 time.

You collected 56 gold pieces.

Inventory:

Hand Weapons
 a - a +1 hand axe (weapon)
Missiles
 e - 2 poisoned darts (quivered)
 k - 14 stones
Armour
 b - a +0 leather armour (worn)
Jewellery
 h - a +6 ring of dexterity
Scrolls
 d - 2 scrolls of noise {unknown}
 f - a scroll of teleportation {unknown}
 g - 2 scrolls of amnesia {unknown}
 i - a scroll of summoning {unknown}
Potions
 c - 2 potions of ambrosia {unknown}
 j - a potion of curing {unknown}


   Skills:
 + Level 3.9 Fighting
 + Level 2.8 Axes
 + Level 2.8 Armour
 + Level 1.6 Dodging
 + Level 2.1 Invocations


You had one spell level left.
You didn't know any spells.
Your spell library was empty.

Dungeon Overview and Level Annotations

Branches:
Dungeon (2/15)

Altars:

Annotations:
D:2 Sigmund


Innate Abilities, Weirdness & Mutations

You have a pair of horns on your head.
You reflexively headbutt those who attack you in melee.


Message History

HP restored.
k - 14 stones You now have 56 gold pieces (gained 9).
Sigmund the Dreaded comes into view.
He is wielding a +0 scythe.
Sigmund shouts!
Sigmund points at you and mumbles some strange words.
The magic dart hits you!
Sigmund screams, "Die, monster!"
Sigmund closely misses you.
Okay, then.
Throw: 6 darts (poison)
Press: ? - help, Q - select action, (/) - cycle Shift-Dir - straight line, f - Sigmund
Aim: Sigmund, wielding a +0 scythe and wearing a +0 robe (52% to hit)
You throw a poisoned dart. The poisoned dart hits Sigmund.
Sigmund is poisoned.
Unknown command.
Throw: 5 darts (poison)
Press: ? - help, Q - select action, (/) - cycle Shift-Dir - straight line, f/p - Sigmund
Aim: Sigmund, wielding a +0 scythe and wearing a +0 robe (lightly wounded, poisoned, 52% to hit)
You throw a poisoned dart.
The poisoned dart closely misses Sigmund.
Sigmund hits you from afar with a +0 scythe!
Throw: 4 darts (poison)
Press: ? - help, Q - select action, (/) - cycle Shift-Dir - straight line, f/p - Sigmund
Aim: Sigmund, wielding a +0 scythe and wearing a +0 robe (lightly wounded, poisoned, 52% to hit)
You throw a poisoned dart.
The poisoned dart barely misses Sigmund.
Sigmund barely misses you.
Throw: 3 darts (poison)
Press: ? - help, Q - select action, (/) - cycle Shift-Dir - straight line, f/p - Sigmund
Aim: Sigmund, wielding a +0 scythe and wearing a +0 robe (lightly wounded, poisoned, 52% to hit)
You throw a poisoned dart.
The poisoned dart closely misses Sigmund.
Sigmund hits you with a +0 scythe!
* * * LOW HITPOINT WARNING * * *
You hit Sigmund but do no damage. You headbutt Sigmund.
Sigmund is moderately wounded.
Sigmund says, "You will soon forget everything."
Sigmund gestures at you while chanting. The magic dart hits you!
You die...

#.
################+###..
#<....................
############..........
####..........
#..........#.
#.#........#
#..........#
#...P.@$...#
#..♣♣..@...#
##?........#
##.....(..# ##########


You could see Sigmund (poisoned).

Vanquished Creatures
  A dart slug (D:1)
  2 ball pythons (D:1)
  4 endoplasms
  A goblin (D:1)
  3 hobgoblins (D:1)
  2 kobolds (D:1)
  A quokka (D:1)
  3 bats
  A frilled lizard (D:1)
  A rat (D:1)
19 creatures vanquished.

Notes
Turn   | Place    | Note
-------+----------+-------------------------------------------
     0 | Abyss:1  | TheGamechu the Minotaur Abyssal Knight began the quest for
                  | the Orb.
     0 | Abyss:1  | Reached XP level 1. HP: 19/19 MP: 1/1
     3 | Abyss:1  | Noticed a thrashing horror
     3 | Abyss:1  | Noticed a tyrant leech
     7 | D:1      | Escaped the Abyss
   330 | D:1      | Reached * piety under Lugonu
   419 | D:1      | Reached XP level 2. HP: 27/27 MP: 2/2
   751 | D:1      | Found a faded altar of an unknown god.
  1138 | D:2      | Noticed Sigmund
  1147 | D:2      | Killed from afar by Sigmund

Illustrated notes

Levels and vault maps discovered:
D:1:      doesnt_arrival_eight_statues, layout_basic,
          shapermc_ecumenical_altar_mp_vishouse
D:2:      layout_basic, minivault_26, serial_park_tiny_1, uniq_sigmund,
          uniq_terence

Skill      XL: |  1 |
---------------+----+-----
Invocations    | 2 |  2.1
Fighting       | |  3.9
Axes           | |  2.8
Armour         | |  2.8
Dodging        | |  1.6

Action                   || total
-------------------------++-------
Melee: Hand axe          ||    37
       Headbutt          ||     8
       Punch             ||     1
Throw: Dart              ||     4
Invok: Depart the Abyss  ||     1
Armor: Leather armour    ||    17
Dodge: Dodged            ||    18

Table legend: (Time is in decaauts)
 A = Elapsed time spent in this place.
 B = Non-inter-level travel time spent in this place.
 C = Inter-level travel time spent in this place.
 D = Time resting spent in this place.
 E = Time spent auto-exploring this place.
 F = Levels seen in this place.
 G = Mean time per level.
                   A        B        C        D        E       F      G
               +--------+--------+--------+--------+--------+-----+--------+
         Total |   1152 |   1145 |      7 |     14 |   1001 |   3 |  384.0 |
       Dungeon |   1145 |   1138 |      7 |     14 |   1001 |   2 |  572.5 |
         Abyss |      7 |      7 |      0 |      0 |      0 |   1 |    7.0 |
               +--------+--------+--------+--------+--------+-----+--------+

Top non-repeatable levels by time:
     D:1: 1038 daAuts
     D:2: 107 daAuts
 Abyss:1: 7 daAuts
